 Dungeon Crawl Stone Soup version 0.19.5 (webtiles) character file.

4743 qpzil the Basher (level 10, -3/94 HPs)
             Began as a White Draconian Berserker on Mar 14, 2017.
             Was a High Priest of Trog.
             Killed by divine providence
             ... invoked by an orc priest
              (13 damage)
             ... on level 1 of the Orcish Mines.
             The game lasted 00:19:56 (9405 turns).

qpzil the Basher (White Draconian Berserker)        Turns: 9405, Time: 00:19:57

Health: -3/94      AC: 14    Str: 21    XL:     10   Next: 22%
Magic:  10/10      EV: 10    Int:  7    God:    Trog [*****.]
Gold:   492        SH: 11    Dex: 13    Spells: 0 memorised, 9 levels left

rFire  . . .     SeeInvis +     C - +3 flail (protect)
rCold  + . .     Gourm    .     (armour unavailable)
rNeg   . . .     Faith    .     i - +4 shield
rPois  +         Spirit   .     (helmet restricted)
rElec  .         Reflect  .     (no cloak)
rCorr  .         Harm     .     f - +2 pair of gloves of Winter {rPois SInv}
MR     ++...                    (no boots)
Stlth  +.........               (no amulet)
                                (no ring)
                                q - +4 ring of protection

@: short of breath, regenerating
A: breathe frost, unfitting armour, cold resistance 1, cold-blooded, AC +7
a: Breathe Frost, Berserk, Trog's Hand, Brothers in Arms, Burn Spellbooks,
Renounce Religion


You were on level 1 of the Orcish Mines.
You worshipped Trog.
Trog was extremely pleased with you.
You were hungry.

You visited 4 branches of the dungeon, and saw 13 of its levels.

You collected 492 gold pieces.

Inventory:

Hand Weapons
 C - a +3 flail of protection (weapon)
Armour
 f - the +2 pair of gloves of Winter (worn) {rPois SInv}
   (You found it on level 8 of the Dungeon)

   It protects you from poison.
   It lets you see invisible.
 i - a +4 shield (worn)
Jewellery
 c - a +6 ring of intelligence {unknown}
 q - a +4 ring of protection (left hand)
 F - an uncursed ring of resist corrosion {unknown}
Wands
 w - a wand of polymorph (13/24)
 y - a wand of iceblast (10/15)
 z - a wand of flame (30/48)
 B - a wand of disintegration (12/24)
Scrolls
 e - 7 scrolls of identify
 h - 3 scrolls of remove curse
 l - a scroll of fear
 m - a scroll of teleportation
 n - 2 scrolls of enchant weapon
 o - a scroll of immolation {unknown}
 A - a scroll of magic mapping {unknown}
 D - a scroll of enchant armour
Potions
 a - 2 potions of brilliance
 d - a potion of mutation {unknown}
 g - 2 potions of flight {unknown}
 j - a potion of haste {unknown}
 k - a potion of degeneration {unknown}
 p - a potion of invisibility
 s - 2 potions of curing
 t - 2 potions of might
 u - a potion of berserk rage {unknown}
 v - a potion of cancellation {unknown}
 x - a potion of resistance {unknown}
Comestibles
 b - 3 bread rations
 r - 6 meat rations
 G - 10 royal jellies


   Skills:
 * Level 10.9 Fighting
 + Level 11.8 Maces & Flails
 - Level 2.6 Dodging


You had 9 spell levels left.
You didn't know any spells.

Dungeon Overview and Level Annotations

Branches:
Dungeon (10/15)            Temple (1/1) D:4            Lair (1/6) D:9
    Orc (1/2) D:9

Altars:
Ashenzari
Cheibriados
Dithmenos
Elyvilon
Fedhas
Gozag
Hepliaklqana
Kikubaaqudgha
Makhleb
Nemelex Xobeh
Okawaru
Qazlal
Ru
Sif Muna
Trog
Uskayaw
Vehumet
Xom
Yredelemnul
Zin
The Shining One

Shops:
D:7 :


Innate Abilities, Weirdness & Mutations

You can breathe waves of freezing cold.
You can buffet flying creatures when you breathe cold.
Your icy white scales are hard. (AC +7)
You cannot fit into any form of body armour.
Your flesh is cold resistant. (rC+)
You are cold-blooded and may be slowed by cold attacks.


Message History

You feel somewhat more hungry. You block the orc wizard's attack.
Your skin crawls.
You feel resistant to hostile enchantments.
You are feeling hungry.
The orc wizard closely misses you. You block the orc warrior's attack.
You block the orc's attack.
The orc priest hits you but does no damage.
The orc wizard closely misses you.
You closely miss the orc wizard.
Your tail-slap misses the orc wizard.
The orc wizard is moderately wounded.
You block the orc warrior's attack. You block the orc wizard's attack.
The orc hits you with a mace.
* * * LOW HITPOINT WARNING * * *
The orc priest hits you but does no damage.
You closely miss the orc wizard.
The orc wizard is moderately wounded.
The orc wizard closely misses you. You block the orc warrior's attack.
The orc priest calls down the wrath of Beogh upon you.
Beogh smites you!
You die...

### ##.## ## ###...#
..## .#....#....# ###
........>.# ##.##
........##..###...#
.............#.#@##
............#.oooo##
................o..##
......>.....#.......##
..##.#..........#....#
..#......##.#..#....##
.....##...##.###..###
....## #......#...#.##
.....###.....##.o....#


You could see an orc warrior, an orc priest, an orc wizard and 2 orcs.

Vanquished Creatures
  A hornet (D:5)
  A troll (D:9)
  Sigmund (D:2)
  Eustachio (D:6)
  A hungry ghost (D:8)
  3 wargs (Orc:1)
  The ghost of Peep the Chucker, an amateur OgHu (D:3)
  A sky beast (D:5)
  3 black bears
  A necrophage (D:9)
  2 ice beasts (D:8)
  4 orc warriors
  2 ogres
  5 centaurs
  The ghost of HeyBub the Poker, an amateur DsGl (D:6)
  Blork the orc (D:5)
  4 bullfrogs
  6 scorpions
  A wyvern skeleton (D:7)
  3 howler monkeys
  2 crimson imps (D:5)
  2 orc priests
  A quasit (D:8)
  A hound (D:7)
  5 jellies
  A bullfrog skeleton (D:7)
  2 iguanas
  4 orc wizards
  5 worker ants
  A hound skeleton (D:8)
  A howler monkey skeleton (D:7)
  15 adders
  4 shadow imps
  9 oozes
  An adder skeleton (D:6)
  4 worms
  4 dart slugs
  6 leopard geckos
  23 orcs
  7 giant cockroaches
  7 goblins
  12 hobgoblins
  7 jackals
  5 quokkas
  3 ball pythons
  7 bats
  A frilled lizard (D:3)
  A jackal skeleton (D:4)
  6 kobolds
  A leopard gecko skeleton (D:5)
  A leopard gecko zombie (D:7)
  A quokka skeleton (D:9)
  7 rats
200 creatures vanquished.

Notes
Turn   | Place    | Note
-------+----------+-------------------------------------------
     0 | D:1      | qpzil the Draconian Berserker began the quest for the Orb.
     0 | D:1      | Reached XP level 1. HP: 19/19 MP: 1/1
   180 | D:1      | Reached XP level 2. HP: 23/26 MP: 2/2
   415 | D:1      | Reached skill level 4 in Maces & Flails
   429 | D:1      | Reached XP level 3. HP: 29/31 MP: 3/3
   885 | D:2      | Found a snail-covered altar of Cheibriados.
   978 | D:2      | Noticed Sigmund
   987 | D:2      | Killed Sigmund
   987 | D:2      | Reached skill level 6 in Maces & Flails
   987 | D:2      | Reached XP level 4. HP: 35/38 MP: 4/4
   987 | D:2      | Reached XP level 5. HP: 41/45 MP: 5/5
  1422 | D:2      | Found a bloodstained altar of Trog.
  1489 | D:2      | Reached ** piety under Trog
  2037 | D:3      | Noticed Peep's ghost (amateur OgHu)
  2052 | D:3      | Killed Peep's ghost
  2052 | D:3      | Reached skill level 7 in Maces & Flails
  2052 | D:3      | Reached XP level 6. HP: 36/51 MP: 6/6
  2567 | D:4      | Found a staircase to the Ecumenical Temple.
  2599 | Temple   | Entered the Ecumenical Temple
  3764 | D:4      | Reached skill level 8 in Maces & Flails
  3764 | D:4      | Your scales start taking on an icy white colour.
  3764 | D:4      | Reached XP level 7. HP: 57/57 MP: 7/7
  3764 | D:4      | Gained mutation: Your flesh is cold resistant. (rC+) [White Draconian growth]
  3812 | D:5      | Entered Level 5 of the Dungeon
  3937 | D:5      | Noticed a hornet
  3945 | D:5      | Paralysed by a hornet for 1 turns
  3951 | D:5      | Killed a hornet
  3951 | D:5      | Reached skill level 9 in Maces & Flails
  3998 | D:5      | Reached *** piety under Trog
  4621 | D:5      | Noticed Blork the orc
  4633 | D:5      | Killed Blork the orc
  5126 | D:5      | Reached XP level 8. HP: 60/63 MP: 8/8
  5451 | D:6      | Noticed HeyBub's ghost (amateur DsGl)
  5464 | D:6      | Killed HeyBub's ghost
  5464 | D:6      | Reached skill level 10 in Maces & Flails
  5722 | D:6      | Noticed Eustachio
  5727 | D:6      | Killed Eustachio
  5733 | D:6      | Found a shimmering altar of Xom.
  5791 | D:6      | Reached skill level 5 in Fighting
  5924 | D:6      | Found a glowing golden altar of the Shining One.
  6292 | D:6      | Found a white marble altar of Elyvilon.
  6292 | D:6      | Found a burning altar of Makhleb.
  6292 | D:6      | Found a deep blue altar of Sif Muna.
  6292 | D:6      | Found a sparkling altar of Nemelex Xobeh.
  6293 | D:6      | Found a sacrificial altar of Ru.
  6295 | D:6      | Found a stormy altar of Qazlal.
  6296 | D:6      | Found an ancient bone altar of Kikubaaqudgha.
  6297 | D:6      | Found an iron altar of Okawaru.
  6377 | D:7      | Found Vil Ecef's Book Boutique.
  6639 | D:7      | Found a shimmering altar of Xom.
  6902 | D:7      | Found a hazy altar of Hepliaklqana.
  6902 | D:7      | Found a white marble altar of Elyvilon.
  6904 | D:7      | Found a hide-covered altar of Uskayaw.
  6904 | D:7      | Found a sacrificial altar of Ru.
  6904 | D:7      | Found an ancient bone altar of Kikubaaqudgha.
  7148 | D:8      | Reached XP level 9. HP: 78/78 MP: 9/9
  7180 | D:8      | Got a pair of heavily runed gloves
  7204 | D:8      | Identified the +2 pair of gloves of Winter {rPois SInv} (You found it on level 8 of the Dungeon)
  7279 | D:8      | Reached **** piety under Trog
  7618 | D:8      | Reached skill level 11 in Maces & Flails
  8543 | D:9      | Found a staircase to the Orcish Mines.
  8554 | Orc:1    | Entered Level 1 of the Orcish Mines
  8680 | D:9      | Reached skill level 10 in Fighting
  8700 | D:9      | Found a staircase to the Lair.
  8731 | Lair:1   | Entered Level 1 of the Lair of Beasts
  8798 | D:9      | Noticed a troll
  8804 | D:9      | Killed a troll
  8804 | D:9      | Reached XP level 10. HP: 94/94 MP: 10/10
  9045 | D:10     | Entered Level 10 of the Dungeon
  9074 | Orc:1    | Reached ***** piety under Trog
  9405 | Orc:1    | Killed from afar by an orc priest

Skill      XL: |  1  2  3  4  5  6  7  8  9 |
---------------+----------------------------+-----
Maces & Flails | 4 6 7 8 9 10 11 | 11.8
Fighting       | 6 10 | 10.9
Dodging        | |  2.6

Action                   |  1- 3 |  4- 6 |  7- 9 | 10-12 || total
-------------------------+-------+-------+-------+-------++-------
Melee: Mace              |   100 |     3 |       |       ||   103
       Tailslap          |    18 |    22 |    62 |    15 ||   117
       Flail             |       |   200 |   467 |    92 ||   759
Invok: Berserk           |     1 |       |     4 |       ||     5
       Trog's Hand       |       |       |       |     1 ||     1
 Abil: Breathe Frost     |       |       |       |     1 ||     1
  Use: Potion            |       |       |     4 |     2 ||     6
       Scroll            |       |       |    11 |       ||    11
 Stab: Sleeping          |       |     3 |     4 |     1 ||     8
       Distracted        |       |       |     1 |       ||     1
  Eat: Chunk             |       |    10 |    16 |     4 ||    30
       Bread ration      |       |       |     1 |       ||     1
       Pizza             |       |       |     2 |       ||     2
Armor: Skin              |    37 |    84 |   136 |    38 ||   295
Dodge: Dodged            |    73 |    89 |   177 |    41 ||   380
Block: Shield            |     2 |    97 |   210 |    59 ||   368
